 Dungeon Crawl Stone Soup version 0.20.2-3-g29329e0561 (webtiles) character file.

584 Alfie the Cutter (level 7, -1/88 HPs)
             Began as a Hill Orc Fighter on Dec 11, 2023.
             Slain by an orc
             ... wielding a +0 war axe
              (5 damage)
             ... on level 4 of the Dungeon.
             The game lasted 00:09:04 (3173 turns).

Alfie the Cutter (Hill Orc Fighter)                 Turns: 3173, Time: 00:09:05

Health: -1/88      AC:  6    Str: 27    XL:     7   Next: 37%
Magic:  7/7        EV:  8    Int:  8    God:
Gold:   22         SH: 10    Dex: 11    Spells: 6/6 levels left

rFire    . . .     SeeInvis .   a - +0 rapier
rCold    . . .     Gourm    .   c - +0 shield
rNeg     . . .     Faith    .   b - +0 scale mail
rPois    .         Spirit   .   (no helmet)
rElec    .         Reflect  .   s - +0 cloak (curse)
rCorr    .         Harm     .   n - +0 pair of gloves
MR       .....                  (no boots)
Stlth    ..........             (no amulet)
Regen    0.3/turn               q - +2 ring of strength
MPRegen  0.1/turn               (no ring)

@: berserking, lethally poisoned (-1 -> -1), very quick
A: deformed body, deterioration 1, high mp 1
a: Convert to Beogh


You were on level 4 of the Dungeon.
You were not hungry.

You visited 1 branch of the dungeon, and saw 4 of its levels.

You collected 202 gold pieces.
You spent 180 gold pieces at shops.

Inventory:

Hand Weapons
 a - a +0 rapier (weapon)
Armour
 b - a +0 scale mail (worn)
 c - a +0 shield (worn)
 n - a +0 pair of gloves (worn)
 s - a cursed +0 cloak (worn)
Jewellery
 o - an uncursed ring of wizardry
 p - an uncursed ring of wizardry
 q - a +2 ring of strength (left hand)
 r - a +4 ring of strength
Wands
 y - a wand of iceblast (11/15)
 C - a wand of digging (5/24)
Scrolls
 g - a scroll of blinking {unknown}
 h - 2 scrolls of enchant weapon {unknown}
 j - 2 scrolls of magic mapping {unknown}
 m - a scroll of recharging {unknown}
 t - 2 scrolls of teleportation
 u - a scroll of fear {unknown}
 B - a scroll of enchant armour {unknown}
Potions
 d - a potion of might
 i - a potion of mutation
 k - a potion of haste {unknown}
 v - a potion of flight {unknown}
 w - a potion of brilliance {unknown}
 A - a potion of heal wounds {unknown}
 D - a potion of curing {unknown}
Comestibles
 f - 3 bread rations
 l - a royal jelly
 x - 2 meat rations
 z - 3 fruits


   Skills:
 + Level 4.3 Fighting
 + Level 5.3 Short Blades
 + Level 4.9 Armour
 + Level 1.2 Dodging
 + Level 1.0 Stealth
 + Level 5.1 Shields


You had 6 spell levels left.
You didn't know any spells.

Dungeon Overview and Level Annotations

Branches:
Dungeon (4/15)
 Temple: D:4-7

Altars:
Fedhas
Gozag
The Shining One

Shops:
D:4 }


Innate Abilities, Weirdness & Mutations

Armour fits poorly on your strangely shaped body.
Your body sometimes deteriorates upon taking damage.
You have an increased reservoir of magic. (+10% MP)


Message History

You feel more energetic. You block the worker ant's attack.
It was a potion of berserk rage.
A red film seems to cover your vision as you go berserk!
You feel yourself moving faster!
You feel mighty! You block the worker ant's attack.
The orc priest looks encouraged for a moment.
You are too berserk!
You hit the worker ant.
The worker ant is moderately wounded.
You block the worker ant's attack.
You hit the worker ant.
The worker ant is heavily wounded.
You feel sick. The worker ant bites you.
* * * LOW HITPOINT WARNING * * *
You puncture the worker ant!
You kill the worker ant!
The orc priest looks braver for a moment.
The orc hits you with a war axe.
You die...

###.........< ###........ ###
#........ ..### #.......†
....#### #### #........
###....####..# #........ #
###........## ##....... #
#..........###### #.....).
##............@oo#######.......
#...........###o......##.......
##...........#
###.#............
#.....(......# ##.###.........
#............## ### ###.......
##............# #.......
##....#......# ##...... #
##..###.....# #...... ## ####
#.....# #......


You could see an orc priest and 2 orcs.

Vanquished Creatures
  Sigmund (D:3)
  A howler monkey (D:4)
  A hound (D:4)
  2 orc priests (D:4)
  A centaur skeleton (D:4)
  An orc wizard (D:3)
  Natasha (twice) (D:3)
  A worker ant (D:4)
  9 adders
  An ooze (D:4)
  2 worms
  A dart slug (D:3)
  6 orcs
  3 giant cockroaches
  7 goblins
  4 hobgoblins
  10 jackals (D:1)
  7 kobolds
  A quokka (D:3)
  18 bats
  6 frilled lizards
  4 rats
89 creatures vanquished.

Notes
Turn   | Place    | Note
-------+----------+-------------------------------------------
     0 | D:1      | Alfie the Hill Orc Fighter began the quest for the Orb.
     0 | D:1      | Reached XP level 1. HP: 19/19 MP: 1/1
   176 | D:1      | Reached XP level 2. HP: 27/27 MP: 2/2
   373 | D:1      | Found a glowing golden altar of the Shining One.
   414 | D:1      | Reached XP level 3. HP: 31/33 MP: 3/3
   985 | D:2      | Reached XP level 4. HP: 13/40 MP: 4/4
  1001 | D:2      | Found a blossoming altar of Fedhas.
  1139 | D:2      | Found an opulent altar of Gozag.
  1818 | D:3      | Reached XP level 5. HP: 30/46 MP: 5/5
  2219 | D:3      | Noticed Sigmund
  2230 | D:3      | Killed Sigmund
  2230 | D:3      | Reached skill level 1 in Dodging
  2230 | D:3      | Reached XP level 6. HP: 28/52 MP: 6/6
  2379 | D:3      | Noticed Natasha
  2384 | D:3      | Killed Natasha
  2628 | D:3      | Noticed Natasha
  2640 | D:3      | Killed Natasha
  2856 | D:4      | Reached XP level 7. HP: 59/59 MP: 7/7
  2874 | D:4      | Reached skill level 5 in Shields
  2880 | D:4      | Reached skill level 5 in Short Blades
  2922 | D:4      | Found Kogodwutz's Gadget Emporium.
  2958 | D:4      | Bought a wand of digging (5/24) for 180 gold pieces
  3140 | D:4      | Reached skill level 1 in Stealth
  3168 | D:4      | Gained mutation: Armour fits poorly on your strangely shaped body. [potion of mutation]
  3168 | D:4      | Gained mutation: Your body sometimes deteriorates upon taking damage. [potion of mutation]
  3168 | D:4      | Gained mutation: You have an increased reservoir of magic. (+10% MP) [potion of mutation]
  3171 | D:4      | HP: 4/88 [worker ant (2)]
  3173 | D:4      | Slain by an orc

Skill      XL: |  1  2  3  4  5  6  7 |
---------------+----------------------+-----
Fighting       | 4 |  4.3
Shields        | 4 5 |  5.1
Short Blades   | 3 4 5 |  5.3
Armour         | 4 |  4.9
Dodging        | 1 |  1.2
Stealth        | 1 |  1.0

Action                   |  1- 3 |  4- 6 |  7- 9 || total
-------------------------+-------+-------+-------++-------
Melee: Rapier            |   160 |   191 |    37 ||   388
  Use: Scroll            |       |     4 |       ||     4
       Potion            |       |     1 |     2 ||     3
  Eat: Fruit             |       |     5 |       ||     5
       Bread ration      |       |     1 |       ||     1
Armor: Scale mail        |   106 |    81 |     5 ||   192
Dodge: Dodged            |    68 |    51 |    11 ||   130
Block: Shield            |   129 |   101 |    18 ||   248
